montu, chaotic male human Wizard -------------------------------- ....................).).....%..| | ------ --------------..-----.| --------- +..| |GN########)#......<.| |... |@| # |.......| |..| |f| ##........| |%-----|.| |.......| |)|....|o| #########........| |.-.._.|.| |.......| -.|....|.| --------- ..|....|.| --------|.| |#.| +.| |..| |.| | -+------ ---------|------.| |..............................| -------------------------------- montu the Thaumaturge Experience level: 6 Strength: 9 Dexterity: 16 Constitution: 13 Intelligence: 18 Wisdom: 11 Charisma: 8 Health: 0(64) Energy: 62(62) Def: 6 Gold: 0 Moves: 2118 Dungeon seed: 5JEYJRpfVNL85hUB Game ID: montu_1707990547 Your Inventory: Weapons a - a blessed +1 quarterstaff (weapon in hands) t - 8 uncursed +0 arrows of frost A - 5 uncursed +0 daggers Armor e - an uncursed +0 cloak of magic resistance (being worn) B - an uncursed +0 pair of leather gloves (being worn) C - an uncursed +0 studded leather armor (being worn) Y - an uncursed +0 helmet (being worn) Scrolls j - 2 uncursed scrolls of teleportation m - a cursed scroll of fire Potions D - an uncursed potion of sleeping Wands b - a blessed wand of striking (0:0) E - an uncursed wand of sleep (0:1) Tools h - an uncursed blindfold i - an uncursed tin whistle o - 3 uncursed wax candles (0:400) r - 14 uncursed tallow candles (0:200) s - an uncursed magic whistle v - an uncursed leash Gems n - 3 uncursed worthless pieces of yellowish brown glass q - 2 uncursed worthless pieces of blue glass y - 2 uncursed worthless pieces of violet glass z - an uncursed worthless piece of green glass N - an uncursed obsidian stone Spells and supernatural/magical abilities: Name Level Category Cost Memory a - force bolt 1 attack 6pw 97% l - light 1 divination 12pw 97% m - magic missile 2 attack 12pw 97% A - create familiar 3 clerical 37pw 97% O - summoning 2 clerical 25pw 100% W - pray for help -- divine ? -- Your skills at the end: Fighting Skills wands [Basic] Weapon Skills quarterstaff [Basic] Spellcasting Skills attack spells [Skilled] enchantment spells [Basic] Final Attributes: You had sinned. You were magic resistant. You angered your god 54 turns ago. Anhur was noncommittal. You are dead. Vanquished creatures: a watchman a gnome king a dwarf lord a bugbear a mountain nymph 3 gnome lords 2 gnomish wizards a giant ant a kitten 5 dwarves a homunculus 5 monkeys 3 dwarf zombies a wererat 5 manes a large kobold 2 giant rats 2 cave spiders a brown mold 23 gnomes 2 gnome zombies a gecko 2 jackals a fox a kobold 2 goblins 2 sewer rats 2 grid bugs 4 lichens 4 newts 82 creatures vanquished. Voluntary challenges: You used a wielded weapon 54 times, starting on turn 153. You read items or engraved 4 times, starting on turn 1817. You never genocided any monsters. You never polymorphed an object. You never changed form. You used no wishes. You never split a pudding. You never wrote Elbereth's name. You violated your moral code, losing 36 points of alignment, starting on turn 1677. Dungeon overview: The Dungeons of Doom: levels 1 to 2 Level 1 a fountain a long staircase Level 2 stairs to The Gnomish Mines The Gnomish Mines: levels 3 to 5 Level 3 stairs to The Dungeons of Doom Level 4 Level 5 <- You were here a temple to Ptah, a sink History has recorded: On T:1 you entered the Dungeons of Doom to retrieve the Amulet of Yendor! On T:263 you reached level 2 of The Dungeons of Doom. On T:370 you advanced to experience level 2. On T:613 you reached level 1 of The Gnomish Mines. On T:633 you advanced to experience level 3. On T:678 you advanced to experience level 4. On T:1050 you advanced to experience level 5. On T:1093 you reached level 2 of The Gnomish Mines. On T:1452 you advanced to experience level 6. On T:1534 you reached level 3 of The Gnomish Mines. Score breakdown: Gold: 0 ( 0 points) Experience: 6 levels (12456 points) Exploration: 5 levels ( 10.00%) ( 8571 points) Discoveries: 6 items ( 2.01%) ( 4256 points) Valuables value: (no points given unless you survive) Artifact value: 0 ( 0 points) Variety of kills: 30 monsters ( 7.89%) ( 8429 points) Turncount: 2118 turns ( -85 points) Survival: died (score multiplied by 80%) Total score: 26901 Latest messages: The sewer rat bites! The guardian naga hatchling bites! The sewer rat bites! The guardian naga hatchling bites! The sewer rat bites! The guardian naga hatchling bites! The gnomish wizard casts a spell! The Mordor orc hits the kitten. The kitten misses the Mordor orc. The sewer rat bites! (2x) The guardian naga hatchling bites! The sewer rat bites! The guardian naga hatchling bites! The sewer rat disappears in a puff of logic. The Mordor orc hits the kitten. The kitten misses the Mordor orc. The guardian naga hatchling bites! (2x) Trahnil wields a short sword! Trahnil casts a spell! The force bolt hits the gnomish wizard! The gnomish wizard gets angry at Trahnil! Boing! The guardian naga hatchling bites! You die... Trahnil comes and takes all your possessions. Final status: Goodbye montu the Wizard, killed by a guardian naga hatchling, while fainted from lack of food... You died in The Gnomish Mines on dungeon level 5 with 26901 points, and 0 pieces of gold, after 2118 moves. You were level 6 with a maximum of 64 hit points when you died.